[Event "Titled Tuesday Blitz February 07 Early 2023"]
[White "matenitian"]
[Black "Chakravarthi Reddy, M"]
[BlackFideId "25009532"]
[WhiteElo "2479"]
[BlackElo "2279"]
[Result "1-0"]
[Round "05"]
[TimeControl "180+2"]
[Date "2023.02.07"]
[WhiteClock "0:00:09"]
[BlackClock "0:00:03"]

1. e4 e5 2. Nf3 Nc6 3. Bb5 Nf6 4. O-O a6 5. Ba4 Be7 6. Re1 b5 7. Bb3 O-O 8. a4 b4 9. d3 Bb7 10. a5 d5 11. Nbd2 dxe4 12. dxe4 Bc5 13. h3 Nd4 14. Bc4 Qe7 15. c3 Nxf3+ 16. Qxf3 bxc3 17. bxc3 Rad8 18. Rb1 Bc6 19. Nf1 Rb8 20. Bg5 Rxb1 21. Rxb1 Bxe4 22. Bxf6 Bxf2+ 23. Qxf2 gxf6 24. Re1 Bb7 25. Ne3 Kh8 26. Nf5 Qd7 27. Nh6 Kg7 28. Ng4 Qe7 29. Rf1 Rd8 30. Qxf6+ Qxf6 31. Rxf6 Rd2 32. Rxf7+ Kg6 33. Nxe5+ Kh6 34. Nf3 Rd1+ 35. Kh2 Rc1 36. Rxc7 Bxf3 37. gxf3 Rxc3 38. Rc6+ Kg5 39. Bd5 Ra3 40. Kg3 Rxa5 41. Be4 h6 42. h4+ Kh5 43. Bg6# 1-0


[Site "https://www.chess.com"]

[Event "Titled Tuesday Blitz February 07 Early 2023"]
[White "Vifleemskaia, Svetlana"]
[Black "Danielyan, Vahe"]
[WhiteFideId "4129490"]
[BlackFideId "13304828"]
[WhiteElo "1971"]
[BlackElo "2346"]
[Result "0-1"]
[Round "05"]
[TimeControl "180+2"]
[Date "2023.02.07"]
[WhiteClock "0:00:01"]
[BlackClock "0:00:37"]

1. d4 Nf6 2. c4 g6 3. Nc3 Bg7 4. e4 d6 5. Nge2 O-O 6. Ng3 c6 7. Be2 a6 8. a4 a5 9. O-O Na6 10. e5 dxe5 11. dxe5 Qxd1 12. Rxd1 Nd7 13. f4 Nb4 14. Bg4 Nc5 15. Bxc8 Raxc8 16. Na2 Nb3 17. Nxb4 Nxa1 18. Be3 Nb3 19. Nd3 Rfd8 20. Kf2 Rd7 21. Ke2 Nd4+ 22. Bxd4 Rxd4 23. b3 Rcd8 24. Ke3 g5 25. fxg5 Bxe5 26. Nf5 Bf4+ 27. Ke2 R4d7 28. g3 Bxg5 29. h4 Bf6 30. Nf2 Rxd1 31. Nxd1 e6 32. Nfe3 h5 33. Nf2 Kg7 34. Ne4 Rd4 35. Nc5 b6 36. Nd3 Rd8 37. Nf4 Rh8 38. Kf3 Be5 39. Nd3 Bd6 0-1


[Site "https://www.chess.com"]

[Event "Titled Tuesday Blitz February 07 Early 2023"]
[White "Herman, Daniel"]
[Black "JonSnowNW1"]
[WhiteFideId "30935008"]
[WhiteElo "1956"]
[BlackElo "2329"]
[Result "0-1"]
[Round "05"]
[TimeControl "180+2"]
[Date "2023.02.07"]
[WhiteClock "0:00:17"]
[BlackClock "0:00:16"]

1. e4 c5 2. Nf3 d6 3. d4 cxd4 4. Nxd4 Nf6 5. Nc3 a6 6. h3 e5 7. Nde2 h5 8. Bg5 Be6 9. Bxf6 Qxf6 10. Nd5 Qd8 11. Nec3 Nd7 12. Bc4 Rc8 13. Bb3 Nc5 14. Ne3 Nxb3 15. axb3 g6 16. Ncd5 Bh6 17. O-O O-O 18. c4 Qg5 19. Kh2 f5 20. exf5 gxf5 21. f4 exf4 22. Nxf4 Bf7 23. Ned5 h4 24. Qf3 Rce8 25. Rae1 Bg7 26. Nd3 Bh5 27. Qf4 Qg3+ 28. Qxg3 hxg3+ 29. Kxg3 Be2 30. N3f4 Bxf1 31. Rxf1 Be5 32. Rf2 Rf7 33. Kf3 Bxf4 34. Nxf4 Re5 35. Nd5 b5 36. Rd2 bxc4 37. bxc4 Rb7 38. b4 Kf7 39. g3 Re4 40. Rc2 Rd4 41. h4 Rd3+ 42. Kg2 Rb8 43. Kh3 Rg8 44. Rg2 Rg4 45. Nf4 Rxf4 0-1


[Site "https://www.chess.com"]

[Event "Titled Tuesday Blitz February 07 Early 2023"]
[White "Sai Han Thiha"]
[Black "Schut, Han"]
[WhiteFideId "13012290"]
[BlackFideId "1005561"]
[WhiteElo "2070"]
[BlackElo "2101"]
[Result "0-1"]
[Round "05"]
[TimeControl "180+2"]
[Date "2023.02.07"]
[WhiteClock "0:00:01"]
[BlackClock "0:00:20"]

1. d4 Nf6 2. c4 g6 3. Nc3 d5 4. Nf3 Bg7 5. Qb3 dxc4 6. Qxc4 O-O 7. e4 a6 8. Be2 b5 9. Qb3 c5 10. dxc5 Bb7 11. e5 Nd5 12. Bd2 e6 13. O-O Nd7 14. Ne4 Nxe5 15. Rac1 Nc6 16. Rfd1 Qe7 17. Nd6 Rad8 18. a4 b4 19. Qc4 h6 20. Nxb7 Qxb7 21. Qxa6 Qc7 22. b3 Nc3 23. Bxc3 bxc3 24. Rxd8 Rxd8 25. Qc4 Qb7 26. Rxc3 Bxc3 27. Qxc3 Qb4 28. Qc2 Nd4 29. Nxd4 Rxd4 30. c6 Rd2 0-1


[Site "https://www.chess.com"]

[Event "Titled Tuesday Blitz February 07 Early 2023"]
[White "Baches Garcia, Guillermo"]
[Black "Prudnykova, Olga"]
[WhiteFideId "2209764"]
[BlackFideId "14121093"]
[WhiteElo "2327"]
[BlackElo "2268"]
[Result "1-0"]
[Round "05"]
[TimeControl "180+2"]
[Date "2023.02.07"]
[WhiteClock "0:00:11"]
[BlackClock "0:00:02"]

1. e4 c5 2. Nc3 a6 3. Nf3 b5 4. d4 e6 5. Be3 Qc7 6. Qd2 Bb7 7. O-O-O b4 8. Na4 cxd4 9. Qxd4 Nc6 10. Qb6 Qxb6 11. Nxb6 Rd8 12. e5 Nh6 13. Nc4 Ng4 14. Bb6 Rc8 15. Rd2 f6 16. exf6 gxf6 17. Kb1 d5 18. Ne3 Nxe3 19. Bxe3 Bd6 20. Bd3 Ne5 21. Nxe5 Bxe5 22. Re1 Kf7 23. f4 Bd6 24. Rde2 Rce8 25. g3 h5 26. Bd4 Bc8 27. c3 bxc3 28. Bxc3 h4 29. Bc2 hxg3 30. hxg3 Rhg8 31. Bb3 Bd7 32. f5 Ke7 33. Bxd5 Bb5 34. Rxe6+ Kd7 35. Rxd6+ Kxd6 36. Bxg8 Rxg8 37. Re6+ Kd5 38. Rxf6 Rxg3 39. Rf8 Rg2 40. f6 Bd3+ 41. Kc1 Rc2+ 42. Kd1 Rf2 43. Rd8+ Ke4 44. Re8+ Kd5 45. Re7 a5 46. f7 a4 47. Bg7 1-0


[Site "https://www.chess.com"]

[Event "Titled Tuesday Blitz February 07 Early 2023"]
[White "Dolezal, Cristian"]
[Black "Van den Dikkenberg, Erik"]
[WhiteFideId "103560"]
[BlackFideId "1005880"]
[WhiteElo "2355"]
[BlackElo "2091"]
[Result "1-0"]
[Round "05"]
[TimeControl "180+2"]
[Date "2023.02.07"]
[WhiteClock "0:02:11"]
[BlackClock "0:01:09"]

1. d4 Nf6 2. Nc3 g6 3. e4 d6 4. Bg5 Bg7 5. Qe2 c6 6. O-O-O b5 7. e5 Nd5 8. Nxd5 cxd5 9. exd6 Qxd6 10. Qxb5+ Bd7 11. Qc5 Qe6 12. Nf3 f6 13. Re1 Qf7 14. Bf4 e6 15. Bb5 Bxb5 16. Qxb5+ Nd7 17. Qc6 O-O 18. Qxe6 Nb6 19. b3 Kh8 20. Qxf7 Rxf7 21. Re6 Rc8 22. Rhe1 h5 23. Re8+ Rxe8 24. Rxe8+ Kh7 25. Bd6 Rd7 26. Bc5 g5 27. h3 g4 28. hxg4 hxg4 29. Ne1 Kg6 30. Nd3 Kf5 31. a4 Bh6+ 32. Kd1 Rh7 33. Re7 1-0


[Site "https://www.chess.com"]

[Event "Titled Tuesday Blitz February 07 Early 2023"]
[White "Balint, Vilmos"]
[Black "Minko, Dmitry"]
[WhiteFideId "718050"]
[BlackFideId "24188468"]
[WhiteElo "2169"]
[BlackElo "2247"]
[Result "0-1"]
[Round "05"]
[TimeControl "180+2"]
[Date "2023.02.07"]
[WhiteClock "0:00:43"]
[BlackClock "0:00:34"]

1. e4 e5 2. f4 exf4 3. Bc4 d6 4. d4 Qh4+ 5. Kf1 g5 6. Nf3 Qh6 7. Nc3 g4 8. Ne1 Nf6 9. Nd3 Bg7 10. Nxf4 g3 11. Nfd5 Qh4 12. Nxc7+ Kd8 13. Nxa8 Ng4 14. Qe1 Qf6+ 15. Ke2 Nf2 16. h4 Bg4+ 17. Kd2 Bh6+ 18. Qe3 Qxd4+ 19. Ke1 Bxe3 0-1


[Site "https://www.chess.com"]

[Event "Titled Tuesday Blitz February 07 Early 2023"]
[White "Senft, Sean"]
[Black "Andrews, Todd"]
[WhiteFideId "2044960"]
[BlackFideId "2012456"]
[WhiteElo "2089"]
[BlackElo "2220"]
[Result "1-0"]
[Round "05"]
[TimeControl "180+2"]
[Date "2023.02.07"]
[WhiteClock "0:01:10"]
[BlackClock "0:00:06"]

1. d4 Nf6 2. c4 g6 3. Nc3 Bg7 4. e4 d6 5. f4 O-O 6. Nf3 c5 7. d5 e6 8. Be2 exd5 9. exd5 Re8 10. O-O a6 11. a4 Bg4 12. Bd3 Nbd7 13. Bd2 Re7 14. h3 Bxf3 15. Qxf3 Qc7 16. Kh1 Rae8 17. Rf2 Nh5 18. g4 Nhf6 19. Raf1 h6 20. Rg2 Nh7 21. Nd1 Bd4 22. Qg3 Ndf6 23. f5 g5 24. h4 Ne4 25. Bxe4 Rxe4 26. hxg5 Nxg5 27. Bxg5 hxg5 28. f6 Qd7 29. Qh3 Bxf6 30. Rxf6 Re1+ 31. Rg1 Rxg1+ 32. Kxg1 Re1+ 33. Rf1 Re4 34. Nf2 Rxc4 35. Qh5 Qe7 36. Kg2 Rf4 37. Rh1 Qf6 38. Qh7+ Kf8 39. Qh8+ Qxh8 40. Rxh8+ Ke7 41. a5 Rb4 42. Kf3 Rxb2 43. Ne4 Rb3+ 44. Ke2 Rb4 45. Kd3 Rd4+ 46. Ke3 Ra4 47. Rg8 Rxa5 48. Rxg5 Ra3+ 49. Kf2 b5 50. Rg8 b4 51. g5 c4 52. Rb8 c3 53. Rxb4 c2 54. Rc4 Ra2 55. Ke3 a5 56. Kd2 c1=Q+ 57. Kxc1 Re2 58. Kd1 Rg2 59. Rc7+ Kd8 60. Ra7 Rg4 61. Nxd6 Rd4+ 62. Ke2 Rxd5 63. Nxf7+ Kc8 64. Kf3 Kb8 65. Ra6 Kb7 66. Re6 a4 67. g6 a3 68. g7 Rf5+ 69. Ke4 a2 70. Kxf5 a1=Q 71. g8=Q Qf1+ 72. Kg6 Qg2+ 73. Ng5 Qc2+ 74. Kg7 Qc3+ 75. Kf8 Qc8+ 76. Re8 Qc5+ 77. Re7+ Kb6 78. Qe6+ Kb5 79. Qe5 1-0


[Site "https://www.chess.com"]

[Event "Titled Tuesday Blitz February 07 Early 2023"]
[White "Mohammed, Zozek Salah Mohammed"]
[Black "Theytookourjobs"]
[WhiteFideId "4803361"]
[WhiteElo "2210"]
[BlackElo "2291"]
[Result "0-1"]
[Round "05"]
[TimeControl "180+2"]
[Date "2023.02.07"]
[WhiteClock "0:00:01"]
[BlackClock "0:00:27"]

1. d4 e6 2. Nf3 f5 3. g3 Nf6 4. Bg2 Be7 5. O-O O-O 6. c4 d6 7. Nc3 Ne4 8. Nd2 Nxc3 9. bxc3 c6 10. Qb3 Kh8 11. e4 e5 12. Ba3 c5 13. Rad1 Qc7 14. Nb1 f4 15. dxe5 dxe5 16. f3 Be6 17. Rd3 Nc6 18. Qb5 b6 19. Nd2 Rad8 20. Rxd8 Rxd8 21. Nb3 Rd3 22. Bxc5 Bxc5+ 23. Nxc5 bxc5 24. Qxc5 Qd6 25. Qxd6 Rxd6 26. Rb1 Bxc4 27. Rb7 h6 28. gxf4 exf4 29. Rf7 Rf6 0-1


[Site "https://www.chess.com"]

[Event "Titled Tuesday Blitz February 07 Early 2023"]
[White "Bozorov, Makhsum"]
[Black "Lesbekova, Assel"]
[WhiteFideId "14201330"]
[BlackFideId "13713248"]
[WhiteElo "2145"]
[BlackElo "1772"]
[Result "0-1"]
[Round "05"]
[TimeControl "180+2"]
[Date "2023.02.07"]
[WhiteClock "0:00:06"]
[BlackClock "0:00:23"]

1. d4 f5 2. Nf3 d6 3. g3 g6 4. Bg2 Bg7 5. O-O Nf6 6. c4 O-O 7. Nc3 Nc6 8. d5 Ne5 9. Nxe5 dxe5 10. e4 f4 11. gxf4 exf4 12. Bxf4 Nxe4 13. Nxe4 Rxf4 14. Qd2 e5 15. dxe6 Qxd2 16. Nxd2 Bxe6 17. Rae1 Bf7 18. b3 Rd8 19. Ne4 b6 20. Ng5 Rd2 21. Nxf7 Kxf7 22. Re4 Rxe4 23. Bxe4 Rxa2 24. b4 a5 25. c5 Kf8 26. cxb6 cxb6 27. bxa5 bxa5 28. Rd1 Bf6 29. Rd7 Be7 30. Kg2 a4 31. Kg3 a3 32. Ra7 Re2 33. Bd5 Rd2 34. Be6 h5 35. h3 Bc5 36. Rf7+ Ke8 37. Rc7 Bxf2+ 38. Kf3 a2 39. Rc6 a1=Q 0-1


[Site "https://www.chess.com"]

[Event "Titled Tuesday Blitz February 07 Early 2023"]
[White "Fajdetic, Hrvoje"]
[Black "Shubenkova, Veronika"]
[WhiteFideId "14501945"]
[BlackFideId "44124040"]
[WhiteElo "2151"]
[BlackElo "1960"]
[Result "1-0"]
[Round "05"]
[TimeControl "180+2"]
[Date "2023.02.07"]
[WhiteClock "0:00:19"]
[BlackClock "0:00:03"]

1. f4 d5 2. Nf3 e6 3. e3 Nf6 4. b3 Be7 5. Bb2 O-O 6. Be2 c5 7. O-O Nc6 8. d3 b5 9. a4 b4 10. Qe1 a5 11. Nbd2 Bb7 12. Qg3 Qc7 13. Ne5 Rad8 14. Ng4 Nxg4 15. Qxg4 d4 16. e4 e5 17. f5 f6 18. Rf3 Rf7 19. Rh3 h6 20. Rxh6 Bd6 21. Nf3 Kf8 22. Rh7 Ke8 23. Qh5 Bf8 24. Nh4 Rd7 25. Ng6 Kd8 26. Rh8 Qd6 27. Qh7 Kc7 28. Qg8 Ne7 29. Qxf7 Nxg6 30. Qxg6 Be7 31. Qxg7 Bd8 32. Qg8 Re7 33. Rh7 Qd7 34. Rxe7 Bxe7 35. Bh5 Bc6 36. Bf7 Kb7 37. Bc1 Bd8 38. Be6 Qe7 39. Bh6 Kb6 40. Bf8 Qc7 41. Qf7 Qb8 42. Be7 Bc7 43. Bxf6 c4 44. Bxc4 Qa8 45. Qg7 Qe8 46. Be6 Qh5 47. Bxe5 Bd8 48. Bxd4+ Ka6 49. Bc4+ 1-0


[Site "https://www.chess.com"]

[Event "Titled Tuesday Blitz February 07 Early 2023"]
[White "Zampronha, Wladimir Camilo"]
[Black "Tarasova, Viktoriya"]
[WhiteFideId "2103087"]
[BlackFideId "4175840"]
[WhiteElo "2176"]
[BlackElo "2226"]
[Result "0-1"]
[Round "05"]
[TimeControl "180+2"]
[Date "2023.02.07"]
[WhiteClock "0:00:05"]
[BlackClock "0:00:04"]

1. e4 c5 2. Nf3 d6 3. d4 cxd4 4. Nxd4 Nf6 5. Nc3 a6 6. Bg5 e6 7. f4 Qb6 8. Qd2 Qxb2 9. Rb1 Qa3 10. f5 Nc6 11. fxe6 Bxe6 12. Nxe6 fxe6 13. Bc4 d5 14. exd5 O-O-O 15. Bb3 exd5 16. Bxf6 gxf6 17. Nxd5 Bc5 18. Rf1 Rhe8+ 19. Kd1 Kb8 20. c4 Bd4 21. Kc2 Qc5 22. Rbd1 Rxd5 23. Kb1 Rdd8 24. Qc2 Ka7 25. Qxh7 Be5 26. Qc2 Rxd1+ 27. Rxd1 Rd8 28. Rxd8 Nxd8 29. g3 Qd4 30. Kc1 Nc6 31. Qd1 Qe3+ 32. Kc2 Nd4+ 33. Kb1 Qe4+ 34. Kb2 Nf3+ 35. Ka3 Qe3 36. Qd5 Qb6 37. c5 Qa5+ 38. Ba4 Nd4 39. c6 Nb5+ 40. Kb3 Nd4+ 41. Ka3 Qxd5 0-1


[Site "https://www.chess.com"]

[Event "Titled Tuesday Blitz February 07 Early 2023"]
[White "Smietanska, Wiktoria"]
[Black "Maung, Maung Kyaw Zaw Hein"]
[WhiteFideId "21869359"]
[BlackFideId "13001698"]
[WhiteElo "1936"]
[BlackElo "2119"]
[Result "1-0"]
[Round "05"]
[TimeControl "180+2"]
[Date "2023.02.07"]
[WhiteClock "0:00:02"]
[BlackClock "0:01:13"]

1. c4 c6 2. Nf3 d5 3. e3 Nf6 4. Nc3 e6 5. b3 Nbd7 6. Bb2 Bd6 7. d4 O-O 8. Bd3 b6 9. O-O Bb7 10. e4 e5 11. cxd5 cxd5 12. exd5 Nxd5 13. Nxd5 Bxd5 14. dxe5 Bxf3 15. Qxf3 Nxe5 16. Bxe5 Bxe5 17. Bxh7+ Kxh7 18. Qh5+ Kg8 19. Qxe5 Re8 20. Qb5 Rc8 21. Rfd1 Qf6 22. Rac1 Rcd8 23. Rxd8 Rxd8 24. h3 Qb2 25. Re1 Qf6 26. Re8+ Rxe8 27. Qxe8+ Kh7 28. Qe4+ g6 29. Qa4 a5 30. Qa3 Qd4 31. g3 Kg7 32. Kg2 Qe4+ 33. Kh2 Qd4 34. Kg1 Qd1+ 35. Kg2 Qd4 36. h4 Kg8 37. Qa4 Qd5+ 38. Kg1 Qe5 39. Kg2 Qd5+ 40. Kg1 Qe4 41. Qxe4 1-0


[Site "https://www.chess.com"]

[Event "Titled Tuesday Blitz February 07 Early 2023"]
[White "Vaglio Munoz, Jaime"]
[Black "Nur-Mukhametova, Alisa"]
[WhiteFideId "6500145"]
[BlackFideId "54117739"]
[WhiteElo "2174"]
[BlackElo "2170"]
[Result "0-1"]
[Round "05"]
[TimeControl "180+2"]
[Date "2023.02.07"]
[WhiteClock "0:00:45"]
[BlackClock "0:00:07"]

1. d4 Nf6 2. g3 c5 3. d5 e6 4. dxe6 fxe6 5. Bg2 d5 6. c4 Nc6 7. cxd5 exd5 8. Nf3 Be7 9. O-O O-O 10. Nc3 Kh8 11. a3 Be6 12. Bg5 d4 13. Bxf6 Bxf6 14. Ne4 b6 15. Nxf6 Qxf6 16. Nd2 Rac8 17. Rc1 Qe7 18. Qa4 Bd7 19. Rfe1 Qf7 20. Ne4 Rce8 21. f3 a5 22. Nd6 Qe6 23. Nxe8 Rxe8 24. Qc2 Qe3+ 25. Kh1 Ne5 26. b4 axb4 27. axb4 c4 28. Red1 Bc6 29. Qd2 Qxd2 30. Rxd2 Rd8 31. f4 Bxg2+ 32. Kxg2 Ng4 33. Kf3 Ne3 34. Ra1 c3 35. Rd3 Kg8 36. Rc1 Kf7 37. Rxe3 dxe3 38. Rxc3 Rd4 39. b5 Rd5 40. Rb3 Rc5 41. Kxe3 Ke6 42. Ke4 Rc4+ 43. Kd3 Rc5 44. e4 g6 45. g4 h6 46. f5+ gxf5 47. gxf5+ Ke5 48. Ke3 Rc4 49. f6 Rxe4+ 50. Kd3 Rd4+ 51. Kc3 Rd7 52. Kc4 Rc7+ 53. Kd3 Kxf6 54. Ke4 Rc5 55. Kd4 Kf5 56. Rh3 Kg5 57. Rg3+ Kh4 58. Rb3 h5 59. Ke4 Kg4 60. Rg3+ Kh4 61. Rb3 Kg5 62. Kd4 h4 63. Ke4 Kh5 64. Kf4 Rd5 65. Kf3 Rf5+ 66. Ke4 Rf2 67. h3 Rg2 68. Kf4 Rf2+ 69. Ke3 Rf5 70. Ke4 Rg5 71. Rf3 Rg3 72. Rf5+ Kg6 73. Rf8 Rxh3 74. Ke5 Re3+ 75. Kd6 Rc3 76. Rh8 h3 77. Rh4 Kg5 78. Rh8 Kg4 79. Rg8+ Kf3 80. Rf8+ Kg2 81. Rg8+ Rg3 82. Rh8 h2 83. Kc6 Rg6+ 84. Kc7 h1=Q 85. Rd8 Qf1 86. Rd2+ Kg3 87. Rc2 Qf4+ 88. Kb7 Rg7+ 89. Ka6 Qd4 90. Rc6 Qa4+ 91. Kxb6 Qa7# 0-1


[Site "https://www.chess.com"]

[Event "Titled Tuesday Blitz February 07 Early 2023"]
[White "Zaksaite, Salomeja"]
[Black "Ansh M Shah"]
[WhiteFideId "12801496"]
[BlackFideId "25033379"]
[WhiteElo "2283"]
[BlackElo "2171"]
[Result "1-0"]
[Round "05"]
[TimeControl "180+2"]
[Date "2023.02.07"]
[WhiteClock "0:00:21"]
[BlackClock "0:00:05"]

1. e4 c6 2. d4 d5 3. exd5 cxd5 4. Bd3 Nc6 5. c3 Nf6 6. h3 Qc7 7. Nf3 g6 8. O-O Bg7 9. Re1 O-O 10. Nbd2 Bf5 11. Bf1 Ne4 12. Nb3 b6 13. Be3 Rad8 14. Nc1 Rfe8 15. Nd3 Nd6 16. Bf4 Qd7 17. Nfe5 Nxe5 18. Nxe5 Qb7 19. a4 a6 20. Qb3 f6 21. Nd3 Nf7 22. Nc5 Qa7 23. Nxa6 e5 24. dxe5 fxe5 25. Be3 Be6 26. Bxb6 Qb7 27. Nc5 Qb8 28. Nxe6 Rxe6 29. a5 Rd7 30. Bb5 Rb7 31. Qxd5 Rd6 32. Qa2 h6 33. Bc4 Rf6 34. b4 Kh7 35. a6 Rbxb6 36. a7 Qa8 37. Bd5 Rfc6 38. b5 Nd8 39. bxc6 Nxc6 40. Reb1 Rxb1+ 41. Qxb1 e4 42. Bxc6 Qxc6 43. a8=Q Qxa8 44. Rxa8 Bxc3 45. Ra7+ Bg7 46. Qb7 h5 47. Qxg7# 1-0


[Site "https://www.chess.com"]

[Event "Titled Tuesday Blitz February 07 Early 2023"]
[White "Buchenau, Frank"]
[Black "Ciuffoletti, Paolo"]
[WhiteFideId "4604350"]
[BlackFideId "807630"]
[WhiteElo "2222"]
[BlackElo "2106"]
[Result "1-0"]
[Round "05"]
[TimeControl "180+2"]
[Date "2023.02.07"]
[WhiteClock "0:01:47"]
[BlackClock "0:00:14"]

1. e4 c5 2. Nf3 Nc6 3. Bb5 e6 4. Bxc6 bxc6 5. b3 d6 6. O-O Ne7 7. Bb2 Ng6 8. d4 cxd4 9. Nxd4 c5 10. Nb5 a6 11. N5c3 Be7 12. f4 O-O 13. f5 Ne5 14. Nd2 Qa5 15. fxe6 Bxe6 16. Nd5 Bxd5 17. exd5 Ng6 18. Nc4 Qc7 19. Qh5 Rae8 20. Rf3 Nh4 21. Rh3 g6 22. Qh6 Qd8 1-0


[Site "https://www.chess.com"]

[Event "Titled Tuesday Blitz February 07 Early 2023"]
[White "Sanchez, Robert"]
[Black "Onslow, Alfie"]
[WhiteFideId "2034360"]
[BlackFideId "436976"]
[WhiteElo "1966"]
[BlackElo "2157"]
[Result "1-0"]
[Round "05"]
[TimeControl "180+2"]
[Date "2023.02.07"]
[WhiteClock "0:01:57"]
[BlackClock "0:00:18"]

1. e4 c5 2. Nf3 Nc6 3. d4 cxd4 4. Nxd4 Nf6 5. Nc3 e5 6. Ndb5 d6 7. Bg5 a6 8. Bxf6 gxf6 9. Na3 b5 10. Nd5 f5 11. Bd3 Be6 12. c4 b4 13. Nc2 a5 14. exf5 Bxd5 15. cxd5 Nb8 16. Ne3 Bh6 17. Ng4 Bg5 18. h4 Bxh4 19. Bb5+ Kf8 20. Rc1 Nd7 21. Bxd7 Bg5 22. Bc6 Bxc1 23. Qxc1 Rc8 24. Qh6+ Ke7 25. Qf6+ Kf8 26. Qh6+ Ke7 27. f6# 1-0


[Site "https://www.chess.com"]

[Event "Titled Tuesday Blitz February 07 Early 2023"]
[White "Gharamian, Tigran"]
[Black "Bowden, Karl"]
[WhiteFideId "13301527"]
[BlackFideId "400548"]
[WhiteElo "2601"]
[BlackElo "2348"]
[Result "0-1"]
[Round "05"]
[TimeControl "180+2"]
[Date "2023.02.07"]
[WhiteClock "0:00:21"]
[BlackClock "0:00:34"]

1. d4 Nf6 2. c4 c5 3. d5 Ne4 4. Qc2 Qa5+ 5. Nd2 Nd6 6. Nf3 g6 7. e4 Bg7 8. Bd3 Na6 9. O-O Nb4 10. Qb1 Nxd3 11. Qxd3 O-O 12. a3 b5 13. cxb5 Qxb5 14. Qc2 Ba6 15. Re1 Rab8 16. Rb1 Rfc8 17. Re3 Nc4 18. Rb3 Qa4 19. Ne1 Nxd2 20. Qxc5 Nxb3 0-1


[Site "https://www.chess.com"]

[Event "Titled Tuesday Blitz February 07 Early 2023"]
[White "Lopez Calderon, Alfonso Al"]
[Black "Melikhov, Evgeny V."]
[WhiteFideId "5116619"]
[BlackFideId "4122046"]
[WhiteElo "2120"]
[BlackElo "2269"]
[Result "0-1"]
[Round "05"]
[TimeControl "180+2"]
[Date "2023.02.07"]
[WhiteClock "0:00:01"]
[BlackClock "0:00:45"]

1. e4 c5 2. Nf3 d6 3. d4 cxd4 4. Nxd4 Nf6 5. Nc3 a6 6. Bg5 e6 7. f4 Nbd7 8. Qf3 Qc7 9. O-O-O b5 10. Bd3 Bb7 11. Rhe1 O-O-O 12. Qg3 h6 13. Bh4 Kb8 14. e5 dxe5 15. fxe5 g5 16. exf6 Bd6 17. Qf2 gxh4 18. Qxh4 Bxh2 19. Rh1 Qf4+ 20. Qxf4+ Bxf4+ 21. Kb1 Nc5 22. Nce2 Bg5 23. b4 Nxd3 24. Rxd3 Bxg2 25. Rhd1 Kb7 26. a4 Bd5 27. axb5 Bc4 28. bxa6+ Kxa6 29. Ra3+ Kb6 30. Nc3 Bxf6 31. Nf3 Rxd1+ 32. Nxd1 h5 33. Ne3 Be2 34. Nd2 h4 35. c4 h3 36. c5+ Kc7 37. Ra7+ Kb8 38. Rxf7 h2 39. Rxf6 h1=Q+ 40. Kc2 Bb5 41. Rxe6 Rh2 42. Rd6 Qa1 0-1


[Site "https://www.chess.com"]

[Event "Titled Tuesday Blitz February 07 Early 2023"]
[White "Kostiukov, Alexandr"]
[Black "Clawitter, Craig"]
[WhiteFideId "14108100"]
[BlackFideId "2023105"]
[WhiteElo "2271"]
[BlackElo "2050"]
[Result "1-0"]
[Round "05"]
[TimeControl "180+2"]
[Date "2023.02.07"]
[WhiteClock "0:00:29"]
[BlackClock "0:00:02"]

1. g3 Nf6 2. c4 e6 3. Bg2 d5 4. Nf3 Be7 5. O-O O-O 6. b3 d4 7. d3 c5 8. e3 Nc6 9. exd4 cxd4 10. Re1 Re8 11. Ba3 a5 12. Bxe7 Rxe7 13. Na3 e5 14. Nb5 h6 15. a3 Bf5 16. Qd2 e4 17. dxe4 Nxe4 18. Qf4 Bh7 19. Nfxd4 Nxd4 20. Bxe4 Bxe4 21. Rxe4 Nxb3 22. Rae1 Rxe4 23. Qxe4 Nc5 24. Qe7 b6 25. Nd6 Qxe7 26. Rxe7 Rd8 27. Nxf7 Rd3 28. h4 Rxa3 29. h5 a4 30. Ne5 Ra1+ 31. Kg2 Re1 32. Re8+ Kh7 33. f4 Nd3 34. Kf3 1-0


[Site "https://www.chess.com"]

[Event "Titled Tuesday Blitz February 07 Early 2023"]
[White "Dzhaparov, Medet"]
[Black "Rottenwohrer Suarez, Juan"]
[WhiteFideId "13803689"]
[BlackFideId "32068182"]
[WhiteElo "1578"]
[BlackElo "2265"]
[Result "0-1"]
[Round "05"]
[TimeControl "180+2"]
[Date "2023.02.07"]
[WhiteClock "0:00:14"]
[BlackClock "0:00:47"]

1. e4 c5 2. Nf3 g6 3. d4 cxd4 4. Nxd4 Nc6 5. Nc3 Bg7 6. Be3 Nf6 7. Bc4 O-O 8. O-O Nxe4 9. Nxe4 d5 10. Bxd5 Qxd5 11. Nc3 Qc4 12. Nxc6 bxc6 13. Bd2 Rd8 14. Qe1 Bf5 15. Rc1 Rab8 16. b3 Qc5 17. Na4 Qa3 18. Bc3 Bh6 19. Ra1 Rd5 20. Rd1 Rbd8 21. Rxd5 cxd5 22. Qe2 Bf8 23. Qe5 f6 24. Qd4 Qxa2 25. Rc1 Bxc2 26. Ra1 Qxb3 27. Qxa7 Qc4 28. Qe3 d4 29. Qd2 Bxa4 0-1


[Site "https://www.chess.com"]

[Event "Titled Tuesday Blitz February 07 Early 2023"]
[White "Sailer, Mike"]
[Black "Nikologorsky, Matfei"]
[WhiteFideId "2012901"]
[BlackFideId "24102474"]
[WhiteElo "2109"]
[BlackElo "2182"]
[Result "0-1"]
[Round "05"]
[TimeControl "180+2"]
[Date "2023.02.07"]
[WhiteClock "0:00:01"]
[BlackClock "0:00:31"]

1. Nf3 d5 2. c4 e6 3. b3 Nf6 4. Bb2 b6 5. e3 Bb7 6. Be2 Be7 7. O-O O-O 8. d4 Nbd7 9. Nbd2 Ne4 10. Nxe4 dxe4 11. Nd2 f5 12. f3 exf3 13. Bxf3 Bxf3 14. Qxf3 Nf6 15. Rae1 c5 16. d5 exd5 17. Qxf5 dxc4 18. Nxc4 Qd7 19. e4 Qxf5 20. exf5 Rfe8 21. Re6 Bf8 22. Bxf6 gxf6 23. Rxf6 Re2 24. Rc6 Rxa2 25. Ne5 Re8 26. Re1 Rd8 27. Nf3 Bd6 28. f6 Kf7 29. Ng5+ Kg6 30. Ne6 Rd7 31. Rxd6 Rxd6 32. Rf1 Rdd2 0-1


[Site "https://www.chess.com"]

[Event "Titled Tuesday Blitz February 07 Early 2023"]
[White "Sputnik-11"]
[Black "Magallanes, Rey Jomar"]
[BlackFideId "5205948"]
[WhiteElo "2381"]
[BlackElo "2052"]
[Result "1-0"]
[Round "05"]
[TimeControl "180+2"]
[Date "2023.02.07"]
[WhiteClock "0:00:03"]
[BlackClock "0:00:03"]

1. Nf3 Nf6 2. c4 g6 3. Nc3 Bg7 4. g3 O-O 5. Bg2 d6 6. O-O c6 7. Rb1 a5 8. a3 e5 9. d3 Re8 10. b4 axb4 11. axb4 Na6 12. b5 Nc5 13. Be3 Nfd7 14. Nd2 Qc7 15. Nb3 Nxb3 16. Qxb3 c5 17. b6 Qd8 18. Nd5 Rf8 19. Ra1 Rb8 20. Ra7 h6 21. Nc7 Nf6 22. h3 Ne8 23. Nd5 Bd7 24. Nc3 Bc6 25. Bxc6 bxc6 26. b7 Nf6 27. Rfa1 Qc7 28. Na4 e4 29. Bd2 Nh5 30. Bc3 exd3 31. exd3 Qd7 32. Kg2 Bxc3 33. Nxc3 Ng7 34. Ne4 Qe6 35. Ra8 Nf5 36. Rxb8 Rxb8 37. Ra8 Qe8 38. Rxb8 Qxb8 39. Qb6 1-0


[Site "https://www.chess.com"]

[Event "Titled Tuesday Blitz February 07 Early 2023"]
[White "Ricaurte Lopez, Juan Carlos"]
[Black "Silvestre, Christian"]
[WhiteFideId "3600327"]
[BlackFideId "30956269"]
[WhiteElo "2226"]
[BlackElo "1942"]
[Result "1/2-1/2"]
[Round "05"]
[TimeControl "180+2"]
[Date "2023.02.07"]
[WhiteClock "0:00:08"]
[BlackClock "0:00:13"]

1. e4 e5 2. d4 exd4 3. c3 dxc3 4. Nxc3 d6 5. Bc4 Be7 6. Nf3 Nf6 7. Ng5 O-O 8. f4 h6 9. Nf3 c6 10. O-O Nxe4 11. Nxe4 d5 12. Bd3 dxe4 13. Bxe4 Bf6 14. Qc2 Be6 15. Be3 Re8 16. Rad1 Qc7 17. b4 Nd7 18. Nd4 Bg4 19. Bf3 Rxe3 20. Bxg4 Bxd4 21. Rxd4 Nf6 22. Bf3 Qb6 23. Qc5 Rae8 24. Rfd1 Ra3 25. R1d2 Qxc5 26. bxc5 Rc3 27. Rb4 Re7 28. Rdb2 Rc1+ 29. Kf2 Rxc5 30. Rxb7 Rxb7 31. Rxb7 Rc2+ 32. Kg3 Rxa2 33. Bxc6 g6 34. Bf3 Kg7 35. h3 a5 36. f5 g5 37. h4 g4 38. Bxg4 Nxg4 39. Kxg4 Rxg2+ 40. Kf4 Ra2 41. Rb6 Ra4+ 42. Kg3 Rb4 43. Ra6 a4 44. h5 Rb5 45. Kf4 Rb4+ 46. Kg3 Rb3+ 47. Kf4 Rb4+ 48. Kg3 1/2-1/2


[Site "https://www.chess.com"]